 Dungeon Crawl Stone Soup version 0.19.3 (console) character file.

1130 Lahna the Fighter (level 8, -9/83 HPs)
             Began as a Purple Draconian Chaos Knight on Jan 23, 2017.
             Mangled by a spatial vortex (22 damage)
             ... summoned by the capriciousness of Xom
             ... on level 6 of the Dungeon.
             The game lasted 00:17:23 (4416 turns).

Lahna the Fighter (Purple Draconian Chaos Knight)   Turns: 4416, Time: 00:17:23

Health: -9/83      AC:  7    Str: 15    XL:     8   Next: 13%
Magic:  8/8        EV: 13    Int: 12    God:    Xom [....*.]
Gold:   221        SH:  0    Dex: 13    Spells: 0 memorised, 7 levels left

rFire  . . .     SeeInvis +     a - +0 mace (chaos)
rCold  . . .     Gourm    .     (armour unavailable)
rNeg   . . .     Faith    .     (no shield)
rPois  +         Spirit   .     (helmet restricted)
rElec  .         Reflect  .     i - +0 cloak
rCorr  .         Harm     .     (no gloves)
MR     +....                    (no boots)
Stlth  +.........               (no amulet)
                                y - ring of see invisible
                                d - ring of poison resistance

@: no status effects
A: breathe power, unfitting armour, cold-blooded, AC +6
a: Breathe Dispelling Energy, Renounce Religion


You were on level 6 of the Dungeon.
You worshipped Xom.
You were a beloved toy of Xom.
You were not hungry.

You visited 1 branch of the dungeon, and saw 6 of its levels.
You also visited: Sewer.

You collected 221 gold pieces.

Inventory:

Hand Weapons
 a - a +0 mace of chaos (weapon)
Missiles
 w - 2 tomahawks (quivered)
Armour
 i - a +0 cloak (worn)
Jewellery
 d - a ring of poison resistance (left hand)
 r - an uncursed ring of fire
 y - a ring of see invisible (right hand)
Wands
 f - a wand of disintegration (11/24)
 o - a wand of iceblast (10/15)
Scrolls
 c - 3 scrolls of identify
 e - 3 scrolls of remove curse
 h - a scroll of fear {unknown}
 j - a scroll of amnesia {unknown}
 l - 2 scrolls of enchant weapon {unknown}
 p - 2 scrolls of teleportation {unknown}
 s - a scroll of recharging {unknown}
 u - a scroll of magic mapping {unknown}
Potions
 g - a potion of might {unknown}
 k - a potion of curing
 m - 3 potions of haste {unknown}
 n - 2 potions of berserk rage {unknown}
 t - 2 potions of flight {unknown}
Books
 x - a book of Misfortune

   Spells                             Type                      Level
   a - Confusing Touch                Hexes                        1
   b - Confuse                        Hexes                        3
   c - Gell's Gravitas                Hexes/Translocation          3
   d - Petrify                        Transmutation/Earth          4
   e - Metabolic Englaciation         Hexes/Ice                    5
   f - Yara's Violent Unravelling     Hexes/Transmutation          5
Comestibles
 b - 4 bread rations
 q - 3 royal jellies
 v - 6 meat rations
 z - 3 chunks of flesh


   Skills:
 + Level 11.8 Fighting
 - Level 6.0 Maces & Flails
 - Level 3.0 Dodging


You had 7 spell levels left.
You didn't know any spells.

Dungeon Overview and Level Annotations

Branches:
Dungeon (6/15)             Temple (0/1) D:4

Altars:
Fedhas
Gozag
Kikubaaqudgha
Xom

Shops:
D:5 (

Portals:
Ossuary: D:5


Innate Abilities, Weirdness & Mutations

You can breathe bolts of dispelling energy.
Your rich purple scales are hard. (AC +6)
You cannot fit into any form of body armour.
You are cold-blooded and may be slowed by cold attacks.


Message History

Space twists in upon itself!
You are now a beloved toy of Xom.
A spatial vortex comes into view.
You sock the spatial vortex!
The spatial vortex is lightly damaged.
The spatial vortex closely misses you.
You hit the spatial vortex.
The spatial vortex is moderately damaged.
The spatial vortex hits you.
* * * LOW HITPOINT WARNING * * *
Space bends around you.
* * * LOW HITPOINT WARNING * * *
The spatial vortex closely misses you.
The orc priest miscasts a cantrip.
You hit the spatial vortex.
The spatial vortex seems to speed up.
The spatial vortex is moderately damaged.
The orc warrior misses you. The spatial vortex hits you!!
You die...
Xom is highly amused!

####.#### #.# #.#
#o# #o# #. #.# #.
######## ####.# ..
#......# #..o.# #.
#.####.# #@#### #.
#.####.## #v# #.
#.##....# #.#
#.##.##.#..#####.#
#.<.....#........#
####......########
########


You could see a spatial vortex and an orc warrior.

Vanquished Creatures
  The ghost of Schimscham the Stinger, a novice OpVM of Dithmenos (D:5)
  An ogre (D:5)
  A big kobold (Sewer)
  A scorpion (D:4)
  A water moccasin skeleton (D:5)
  A hound (D:4)
  An orc priest (D:4)
  Jessica (D:2)
  2 orc wizards (D:3)
  Ijyb (D:3)
  4 iguanas
  4 worker ants
  Robin (D:2)
  8 adders
  2 river rats (Sewer)
  2 adder skeletons
  3 worms (D:3)
  2 dart slugs (D:1)
  6 leopard geckos
  9 orcs
  6 bats
  8 giant cockroaches
  9 goblins
  10 hobgoblins
  5 jackals
  15 kobolds
  A quokka (D:3)
  4 frilled lizards
  A leopard gecko zombie (D:5)
  12 rats
123 creatures vanquished.

Vanquished Creatures (collateral kills)
  A bullfrog zombie (D:5)
  A leopard gecko (D:5)
  A hobgoblin (D:3)
3 creatures vanquished.

Grand Total: 126 creatures vanquished

Notes
Turn   | Place    | Note
-------+----------+-------------------------------------------
     0 | D:1      | Lahna the Draconian Chaos Knight began the quest for the Orb.
     0 | D:1      | Reached XP level 1. HP: 19/19 MP: 1/1
   264 | D:1      | Reached XP level 2. HP: 16/27 MP: 2/2
   264 | D:1      | XOM: potion effect (curing)
   265 | D:1      | Reached skill level 4 in Fighting
   324 | D:1      | XOM: divination: detect items
   440 | D:1      | Found a shimmering altar of Xom.
   487 | D:1      | XOM: harmless Tloc miscast
   684 | D:1      | XOM: potion effect (experience)
   684 | D:1      | Reached skill level 10 in Fighting
   684 | D:1      | Reached XP level 3. HP: 46/46 MP: 3/3
  1056 | D:2      | Noticed Jessica
  1062 | D:2      | Killed Jessica
  1062 | D:2      | Reached XP level 4. HP: 53/53 MP: 4/4
  1263 | D:2      | XOM: harmless Air miscast
  1266 | D:2      | XOM: confuse monster(s)
  1280 | D:2      | XOM: harmless Air miscast
  1368 | D:2      | Noticed Robin
  1369 | D:2      | XOM: confusion (+ monsters)
  1408 | D:2      | Killed Robin
  1408 | D:2      | Reached XP level 5. HP: 25/59 MP: 5/5
  1541 | D:2      | XOM: god gift: curved runed staff {god gift}
  1678 | D:2      | XOM: scenery: 1 doors close
  1790 | D:2      | XOM: cloud trail
  1803 | D:2      | XOM: 1-stop teleportation journey
  2118 | D:3      | Noticed Ijyb
  2141 | D:3      | Killed Ijyb
  2281 | D:3      | XOM: god gift: scroll labeled OQASTRIKLI IFED {god gift}
  2383 | D:3      | Reached XP level 6. HP: 67/67 MP: 6/6
  2604 | D:4      | XOM: summons 4 friendly demons
  2738 | D:4      | Found a glowing drain.
  2771 | Sewer    | Entered a sewer
  2855 | Sewer    | XOM: confusion
  2860 | Sewer    | XOM: harmless Ice miscast
  2869 | Sewer    | Reached skill level 5 in Maces & Flails
  2905 | Sewer    | Found a white marble altar of Elyvilon.
  3238 | D:4      | XOM: noise
  3245 | D:4      | Your scales start taking on a rich purple colour.
  3245 | D:4      | Reached XP level 7. HP: 44/73 MP: 7/7
  3478 | D:4      | Found a staircase to the Ecumenical Temple.
  3570 | D:4      | XOM: noise
  3636 | D:5      | Entered Level 5 of the Dungeon
  3675 | D:5      | XOM: god gift: 6 meat rations
  3840 | D:5      | Reached skill level 11 in Fighting
  3898 | D:5      | Found an opulent altar of Gozag.
  3903 | D:5      | Noticed Schimscham's ghost (novice OpVM)
  3912 | D:5      | XOM: enchant monster (good)
  3950 | D:5      | Found a sand-covered staircase.
  3950 | D:5      | XOM: 1-stop teleportation journey
  3952 | D:5      | XOM: summons friendly shadow imp
  3965 | D:5      | XOM: enchant monster (bad)
  4043 | D:5      | Found an ancient bone altar of Kikubaaqudgha.
  4078 | D:5      | Found a blossoming altar of Fedhas.
  4131 | D:5      | Found Fucecem's Weapon Shop.
  4151 | D:5      | XOM: noise
  4153 | D:5      | Killed Schimscham's ghost
  4153 | D:5      | Reached XP level 8. HP: 72/83 MP: 8/8
  4187 | D:5      | XOM: god gift: plate armour {god gift}
  4294 | D:5      | Found a blossoming altar of Fedhas.
  4387 | D:6      | XOM: noise
  4410 | D:6      | XOM: mild Tloc miscast
  4416 | D:6      | Mangled by a spatial vortex

Skill      XL: |  1  2  3  4  5  6  7 |
---------------+----------------------+-----
Fighting       | 10 11 | 11.8
Dodging        | 3 |  3.0
Maces & Flails | 4 5 6 |  6.0

Action                   |  1- 3 |  4- 6 |  7- 9 || total
-------------------------+-------+-------+-------++-------
Melee: Mace              |    69 |   260 |   117 ||   446
       Tailslap          |     7 |    35 |    22 ||    64
  Use: Scroll            |       |     4 |       ||     4
       Potion            |       |       |     3 ||     3
 Stab: Confused          |       |     2 |     1 ||     3
       Paralysed         |       |       |     3 ||     3
  Eat: Chunk             |     1 |     7 |     4 ||    12
Armor: Skin              |    21 |    80 |    39 ||   140
Dodge: Dodged            |    54 |   196 |    92 ||   342
